NWL (28 & UNDER)
MOOSE JAW GHOSTBUSTERS @ CASPER GHOSTS
04/18/2029
 
TOP OF THE 1ST
Moose Jaw Ghostbusters batting - Pitching for Casper Ghosts : RHP Larry Jenkins
Pitching: RHP Larry Jenkins
Batting: LHB Darren Holland 0-0: Foul Ball, location: 2F
0-1: Foul Ball, location: 2F
0-2: Ball
1-2: Ball
2-2: Foul Ball, location: 2F
2-2: Ball
3-2: Strikes out looking
Batting: LHB John Stone 0-0: Foul Ball, location: 2F
0-1: Swinging Strike
0-2: Ball
1-2: Fly out, F8 (Flyball, 78S)
Batting: RHB Billy Mullins 0-0: Ball
1-0: Ball
2-0: Foul Ball, location: 2F
2-1: Foul Ball, location: 2F
2-2: Ground out U3 (Groundball, 34)
Top of the 1st over - 0 runs, 0 hits, 0 errors, 0 left on base; Moose Jaw 0 - Casper 0
BOTTOM OF THE 1ST
Casper Ghosts batting - Pitching for Moose Jaw Ghostbusters : RHP António Peña
Pitching: RHP António Peña
Batting: RHB Alberto Soto 0-0: Swinging Strike
0-1: Ground out 5-3 (Groundball, 56S)
Batting: LHB Luis Rodríguez 0-0: Called Strike
0-1: Called Strike
0-2: Ball
1-2: Ball
2-2: SOLO HOME RUN (Flyball, 8RD), Distance : 431 ft
Batting: LHB Alberto Varela 0-0: Ball
1-0: Swinging Strike
1-1: Called Strike
1-2: Ball
2-2: SINGLE (Groundball, 5L) (infield hit)
Batting: LHB Ralph Cobb 0-0: Called Strike
Alberto Varela steals 2nd base
0-1: Ball
Alberto Varela steals 3rd base
1-1: Fly out, F8 (Flyball, 8RS)
Runner from 3rd tags up, SCORES, no throw
Batting: RHB Paul Richard 0-0: Fly out, F9 (Flyball, 89D)
Bottom of the 1st over - 2 runs, 2 hits, 0 errors, 0 left on base; Moose Jaw 0 - Casper 2
TOP OF THE 2ND
Moose Jaw Ghostbusters batting - Pitching for Casper Ghosts : RHP Larry Jenkins
Batting: RHB Yasuhiko Sumita 0-0: Called Strike
0-1: Ball
1-1: Ball
2-1: Foul Ball, location: 2F
2-2: Ball
3-2: Foul Ball, location: 2F
3-2: SINGLE (Flyball, 9LS)
Batting: LHB Jon Scott 0-0: Called Strike
0-1: Ball
1-1: Grounds into double play, 6-4-3 (Groundball, 6M)
Batting: SHB Glenn Vadnais 0-0: Ball
1-0: Ball
2-0: Called Strike
2-1: Ball
3-1: Base on Balls
Batting: RHB Bob Cole 0-0: Ball
1-0: Called Strike
1-1: Called Strike
1-2: Ball
2-2: SINGLE (Flyball, 9LS)
Glenn Vadnais to second
Runner from 2nd tries for 3rd, OUT!
Top of the 2nd over - 0 runs, 2 hits, 0 errors, 1 left on base; Moose Jaw 0 - Casper 2
BOTTOM OF THE 2ND
Casper Ghosts batting - Pitching for Moose Jaw Ghostbusters : RHP António Peña
Batting: RHB Mark Arnold 0-0: Ground out 4-3 (Groundball, 4)
Batting: RHB Miguel Toro 0-0: Ball
1-0: Ball
2-0: Called Strike
2-1: Ground out 1-3 (Groundball, P)
Batting: RHB Troy Reed 0-0: Ball
1-0: Ball
2-0: Called Strike
2-1: SINGLE (Line Drive, 9LS)
Batting: RHB Robert Acosta 0-0: Ball
1-0: Ball
2-0: DOUBLE (Line Drive, 89D)
Troy Reed to third
Runner from 3rd tries for Home, SAFE, no throw
Batting: RHB Alberto Soto 0-0: Ball
1-0: Ground out 4-3 (Groundball, 4)
Bottom of the 2nd over - 1 run, 2 hits, 0 errors, 1 left on base; Moose Jaw 0 - Casper 3
TOP OF THE 3RD
Moose Jaw Ghostbusters batting - Pitching for Casper Ghosts : RHP Larry Jenkins
Batting: RHB Johnny MacNamara 0-0: SINGLE (Groundball, 6MD)
Batting: RHB Henry Barker 0-0: Ball
1-0: Called Strike
1-1: Ball
2-1: Swinging Strike
2-2: Foul Ball, location: 2F
2-2: Strikes out looking
Batting: LHB Darren Holland 0-0: Ball
1-0: Fly out, F7 (Line Drive, 78M)
Batting: LHB John Stone Pickoff Throw to First - Out!
Top of the 3rd over - 0 runs, 1 hit, 0 errors, 0 left on base; Moose Jaw 0 - Casper 3
BOTTOM OF THE 3RD
Casper Ghosts batting - Pitching for Moose Jaw Ghostbusters : RHP António Peña
Batting: LHB Luis Rodríguez 0-0: Called Strike
0-1: Foul Ball, location: 2F
0-2: Ball
1-2: Ball
2-2: DOUBLE (Flyball, 8LXD)
Batting: LHB Alberto Varela 0-0: Ball
1-0: Foul Ball, location: 2F
1-1: Ball
2-1: Ground out 1-3 (Groundball, 13S)
Luis Rodríguez to third
Batting: LHB Ralph Cobb 0-0: Swinging Strike
0-1: Foul Ball, location: 2F
0-2: Ball
1-2: Ball
2-2: Strikes out swinging
Batting: RHB Paul Richard 0-0: Called Strike
0-1: Swinging Strike
0-2: Ball
1-2: Foul Ball, location: 2F
1-2: Foul Ball, location: 2F
1-2: Ball
2-2: Foul Ball, location: 2F
2-2: Foul Ball, location: 2F
2-2: Foul Ball, location: 2F
2-2: Foul Ball, location: 2F
2-2: Strikes out swinging
Bottom of the 3rd over - 0 runs, 1 hit, 0 errors, 1 left on base; Moose Jaw 0 - Casper 3
TOP OF THE 4TH
Moose Jaw Ghostbusters batting - Pitching for Casper Ghosts : RHP Larry Jenkins
Batting: LHB John Stone 0-0: Called Strike
0-1: Ball
1-1: Bunt for hit - play at first, batter safe!
Batting: RHB Billy Mullins 0-0: Ball
1-0: Ball
2-0: Called Strike
2-1: Swinging Strike
2-2: Strikes out swinging
Batting: RHB Yasuhiko Sumita 0-0: Ball
1-0: Foul Ball, location: 2F
1-1: Called Strike
1-2: Foul Ball, location: 2F
1-2: Fly out, F9 (Flyball, 9S)
Batting: LHB Jon Scott 0-0: Ball
1-0: Ball
2-0: Foul Ball, location: 2F
2-1: Ball
3-1: Fielders Choice at 2nd, 6-4 (Groundball, 56D)
Top of the 4th over - 0 runs, 1 hit, 0 errors, 1 left on base; Moose Jaw 0 - Casper 3
BOTTOM OF THE 4TH
Casper Ghosts batting - Pitching for Moose Jaw Ghostbusters : RHP António Peña
Batting: RHB Mark Arnold 0-0: Called Strike
0-1: Called Strike
0-2: Ball
1-2: Strikes out swinging
Batting: RHB Miguel Toro 0-0: Ball
1-0: Foul Ball, location: 2F
1-1: Ball
2-1: Ball
3-1: TRIPLE (Line Drive, 89XD)
Batting: RHB Troy Reed 0-0: Fly out, F8 (Flyball, 78D)
Runner from 3rd tags up, OUT at HOME
Bottom of the 4th over - 0 runs, 1 hit, 0 errors, 0 left on base; Moose Jaw 0 - Casper 3
TOP OF THE 5TH
Moose Jaw Ghostbusters batting - Pitching for Casper Ghosts : RHP Larry Jenkins
Batting: SHB Glenn Vadnais 0-0: Called Strike
0-1: Foul Ball, location: 2F
0-2: Foul Ball, location: 2F
0-2: Reached on error, E3 (Groundball, 34)
Batting: RHB Bob Cole 0-0: Ball
1-0: Fly out, F7 (Line Drive, 78D)
Batting: RHB Johnny MacNamara 0-0: Foul Ball, location: 2F
0-1: Grounds into double play, 6-4-3 (Groundball, 6)
Top of the 5th over - 0 runs, 0 hits, 1 error, 0 left on base; Moose Jaw 0 - Casper 3
BOTTOM OF THE 5TH
Casper Ghosts batting - Pitching for Moose Jaw Ghostbusters : RHP António Peña
Batting: RHB Robert Acosta 0-0: SINGLE (Line Drive, 7S)
Batting: RHB Alberto Soto 0-0: Ball
1-0: Ball
2-0: SINGLE (Line Drive, 89M)
Robert Acosta to second
Batting: LHB Luis Rodríguez 0-0: Ball
1-0: Swinging Strike
1-1: Ball
2-1: Grounds into double play, 6-4-3 (Groundball, 6)
Robert Acosta to third
Batting: LHB Alberto Varela 0-0: Foul Ball, location: 2F
0-1: Ball
1-1: Foul Ball, location: 2F
1-2: Reached on error, E6 (Groundball, 6)
Robert Acosta scores
Batting: LHB Ralph Cobb 0-0: Ball
Alberto Varela steals 2nd base
1-0: Called Strike
1-1: Ball
Passed Ball!
Alberto Varela to third
2-1: Ball
3-1: Ground out 4-3 (Groundball, 4)
Bottom of the 5th over - 1 run, 2 hits, 1 error, 1 left on base; Moose Jaw 0 - Casper 4
TOP OF THE 6TH
Moose Jaw Ghostbusters batting - Pitching for Casper Ghosts : RHP Larry Jenkins
Batting: RHB Henry Barker 0-0: Called Strike
0-1: Called Strike
0-2: Ball
1-2: Ball
2-2: Strikes out swinging
Batting: LHB Darren Holland 0-0: TRIPLE (Flyball, 78XD)
Batting: LHB John Stone 0-0: Ground out U3 (Groundball, 34)
Darren Holland scores
Batting: RHB Billy Mullins 0-0: Swinging Strike
0-1: Ball
1-1: Called Strike
1-2: Ball
2-2: Strikes out looking and he ARGUES THE CALL AND IS TOSSED!
Top of the 6th over - 1 run, 1 hit, 0 errors, 0 left on base; Moose Jaw 1 - Casper 4
BOTTOM OF THE 6TH
Casper Ghosts batting - Pitching for Moose Jaw Ghostbusters : RHP António Peña
Pitching: RHP Tom Fisher
Batting: RHB Paul Richard 0-0: Called Strike
0-1: Foul Ball, location: 2F
0-2: Strikes out looking
Batting: RHB Mark Arnold 0-0: Ball
1-0: Foul Ball, location: 2F
1-1: Foul Ball, location: 2F
1-2: Foul Ball, location: 2F
1-2: Ground out 5-3 (Groundball, 5)
Batting: RHB Miguel Toro 0-0: Called Strike
0-1: Called Strike
0-2: Fly out, F9 (Line Drive, 9S)
Bottom of the 6th over - 0 runs, 0 hits, 0 errors, 0 left on base; Moose Jaw 1 - Casper 4
TOP OF THE 7TH
Moose Jaw Ghostbusters batting - Pitching for Casper Ghosts : RHP Larry Jenkins
Batting: RHB Yasuhiko Sumita 0-0: Swinging Strike
0-1: Ball
1-1: Foul Ball, location: 2F
1-2: Ball
2-2: Fly out, F4 (Popup, 4S)
Batting: LHB Jon Scott 0-0: Foul Ball, location: 2F
0-1: Ball
1-1: Fly out, F7 (Flyball, 7S)
Batting: SHB Glenn Vadnais 0-0: Ball
1-0: Called Strike
1-1: Swinging Strike
1-2: Foul Ball, location: 2F
1-2: Ball
2-2: Strikes out swinging
Top of the 7th over - 0 runs, 0 hits, 0 errors, 0 left on base; Moose Jaw 1 - Casper 4
BOTTOM OF THE 7TH
Casper Ghosts batting - Pitching for Moose Jaw Ghostbusters : RHP Tom Fisher
Batting: RHB Troy Reed 0-0: Foul Ball, location: 2F
0-1: Ball
1-1: Ball
2-1: Called Strike
2-2: Ground out 6-3 (Groundball, 6)
Batting: RHB Robert Acosta 0-0: Fly out, F8 (Flyball, 8LXD)
Batting: RHB Alberto Soto 0-0: Ball
1-0: Swinging Strike
1-1: Ball
2-1: Ball
3-1: Foul Ball, location: 2F
3-2: Strikes out swinging
Bottom of the 7th over - 0 runs, 0 hits, 0 errors, 0 left on base; Moose Jaw 1 - Casper 4
TOP OF THE 8TH
Moose Jaw Ghostbusters batting - Pitching for Casper Ghosts : RHP Larry Jenkins
Pitching: RHP Pablo Lima
Batting: RHB Bob Cole 0-0: Called Strike
0-1: Called Strike
0-2: Ball
1-2: Ball
2-2: Ball
3-2: Foul Ball, location: 2F
3-2: Base on Balls
Batting: RHB Johnny MacNamara 0-0: Ball
1-0: Foul Ball, location: 2F
1-1: Swinging Strike
1-2: Strikes out swinging
Batting: RHB Henry Barker 0-0: Ball
1-0: Ball
2-0: Foul Ball, location: 2F
2-1: Foul Ball, location: 2F
2-2: Ball
3-2: Ground out 5-3 (Groundball, 56S)
Bob Cole to second
Batting: LHB Darren Holland 0-0: Ball
1-0: Swinging Strike
1-1: Ball
2-1: Ball
3-1: Base on Balls
Batting: LHB John Stone 0-0: Called Strike
0-1: Ball
1-1: Ball
2-1: Ball
3-1: Foul Ball, location: 2F
3-2: Base on Balls
Bob Cole to third
Darren Holland to second
Batting: SHB Rafael Acosta 0-0: Ball
1-0: Ball
2-0: Ball
3-0: Base on Balls
Bob Cole scores
Darren Holland to third
John Stone to second
Batting: RHB Yasuhiko Sumita 0-0: Ball
1-0: Foul Ball, location: 2F
1-1: Foul Ball, location: 2F
1-2: Fly out, F7 (Flyball, 7LM)
Top of the 8th over - 1 run, 0 hits, 0 errors, 3 left on base; Moose Jaw 2 - Casper 4
BOTTOM OF THE 8TH
Casper Ghosts batting - Pitching for Moose Jaw Ghostbusters : RHP Tom Fisher
Pitching: LHP Javier Galeas
Batting: LHB Luis Rodríguez 0-0: Ball
1-0: Ball
2-0: SINGLE (Flyball, 8RS)
Batting: LHB Alberto Varela 0-0: Ball
1-0: Ball
2-0: Ball
3-0: Called Strike
3-1: Foul Ball, location: 2F
3-2: Foul Ball, location: 2F
3-2: Grounds into double play, 6-4-3 (Groundball, 6)
Batting: LHB Ralph Cobb 0-0: Called Strike
0-1: Foul Ball, location: 2F
0-2: Ball
1-2: Strikes out swinging
Bottom of the 8th over - 0 runs, 1 hit, 0 errors, 0 left on base; Moose Jaw 2 - Casper 4
TOP OF THE 9TH
Moose Jaw Ghostbusters batting - Pitching for Casper Ghosts : RHP Pablo Lima
Batting: LHB Jon Scott 0-0: Ball
1-0: Ground out U3 (Groundball, 3S)
Batting: SHB Glenn Vadnais 0-0: Ball
1-0: Ball
2-0: Called Strike
2-1: Ball
3-1: Foul Ball, location: 2F
3-2: Base on Balls
Batting: RHB Bob Cole 0-0: Called Strike
0-1: SINGLE (Line Drive, 6MD)
Glenn Vadnais to second
Glenn Vadnais to third
Batting: RHB Johnny MacNamara 0-0: Ball
1-0: Called Strike
1-1: Swinging Strike
1-2: Ground out 5-3 (Groundball, 25)
Bob Cole to second
Pitching: RHP Derrick Hall
Batting: RHB Henry Barker 0-0: Ball
1-0: Swinging Strike
1-1: Hit by Pitch
Batting: LHB Darren Holland 0-0: Called Strike
0-1: Ball
1-1: Ball
2-1: Called Strike
2-2: DOUBLE (Flyball, 8LXD)
Glenn Vadnais scores
Bob Cole scores
Henry Barker to third
Batting: LHB John Stone 0-0: Foul Ball, location: 2F
0-1: SINGLE (Line Drive, 6M)
Henry Barker scores
Darren Holland to third
Runner from 3rd tries for Home, SAFE, no throw
Batting: SHB Rafael Acosta 0-0: Foul Ball, location: 2F
0-1: Swinging Strike
0-2: Ball
1-2: SINGLE (Flyball, 7LS)
John Stone to second
Batting: RHB Yasuhiko Sumita 0-0: Called Strike
0-1: 3-RUN HOME RUN (Flyball, 7D), Distance : 402 ft
Pitching: RHP Jack Hampton
Batting: LHB Jon Scott 0-0: SOLO HOME RUN (Flyball, 9D), Distance : 393 ft
Batting: SHB Glenn Vadnais 0-0: Called Strike
0-1: Foul Ball, location: 2F
0-2: Strikes out swinging
Top of the 9th over - 8 runs, 6 hits, 0 errors, 0 left on base; Moose Jaw 10 - Casper 4
BOTTOM OF THE 9TH
Casper Ghosts batting - Pitching for Moose Jaw Ghostbusters : LHP Javier Galeas
Pitching: RHP José Orozco
Batting: RHB Paul Richard 0-0: Foul Ball, location: 2F
0-1: Ball
1-1: Swinging Strike
1-2: Ball
2-2: Strikes out swinging
Batting: RHB Mark Arnold 0-0: Ball
1-0: Called Strike
1-1: Ball
2-1: Swinging Strike
2-2: Ball
3-2: Base on Balls
Batting: RHB Miguel Toro 0-0: Foul Ball, location: 2F
0-1: Ball
1-1: Ball
2-1: Called Strike
2-2: Fielders Choice at 2nd, 5-4 (Groundball, 56)
Batting: RHB Troy Reed 0-0: Foul Ball, location: 2F
0-1: Ball
1-1: Foul Ball, location: 2F
1-2: SINGLE (Line Drive, 78S)
Miguel Toro to second
Batting: RHB Robert Acosta 0-0: Called Strike
0-1: Ball
1-1: SINGLE (Groundball, 6D)
Miguel Toro to third
Troy Reed to second
Batting: RHB Alberto Soto 0-0: Ball
1-0: Called Strike
1-1: Ball
2-1: Foul Ball, location: 2F
2-2: Foul Ball, location: 2F
2-2: Foul Ball, location: 2F
2-2: Ball
3-2: Foul Ball, location: 2F
3-2: Base on Balls
Miguel Toro scores
Troy Reed to third
Robert Acosta to second
Batting: LHB Luis Rodríguez 0-0: Ball
1-0: Called Strike
1-1: Ball
2-1: Foul Ball, location: 2F
2-2: Foul Ball, location: 2F
2-2: Foul Ball, location: 2F
2-2: Foul Ball, location: 2F
2-2: Ground out 4-3 (Groundball, 4)
Bottom of the 9th over - 1 run, 2 hits, 0 errors, 3 left on base; Moose Jaw 10 - Casper 5
Saturday, December 16th, 2017 - OOTP Baseball 18.8 Build 76